Map: New Gettysburg LE

Players

Gracz

  • Race: Terran Terran
  • League: Silver

LowellJW - Winner!

  • Race: Zerg Zerg
  • League: Bronze

VOD

Have the link to the VOD?

Description

Time

  • Played on: Oct. 1, 2016, 12:14 p.m.
  • Length: 48:34
Show
View Real Time Build Order
Export as new Build Order

Gracz Terran 

Build Orders:  

Get SALT Encoding   

  12  0:02  SCV  
  13  0:18  Supply Depot, SCV  
  14  0:30  SCV  
  15  0:41  Barracks  
  15  0:48  Barracks  
  15  0:52  SCV  
  16  1:04  SCV  
  17  1:12  Refinery  
  17  1:14  Refinery  
  17  1:16  SCV  
  18  1:28  SCV  
  19  1:37  Supply Depot  
  19  1:40  SCV  
  20  1:50  Reaper  
  20  1:52  SCV  
  22  1:58  Reaper  
  23  2:05  SCV  
  24  2:23  Reaper  
  25  2:30  Reaper  
  26  2:55  Reaper  
  27  3:02  Reaper  
  29  3:27  Reaper  
  29  3:34  Reaper  
  29  3:59  Reaper  
  30  4:06  Reaper  
  27  4:33  Factory  
  27  4:36  Factory  
  27  4:48  Barracks Reactor  
  27  4:50  Orbital Command  
  27  4:59  Command Center  
  27  5:15  Barracks Reactor  
  27  5:19  Hellion  
  27  5:20  Hellion  
  31  6:18  Factory Reactor x2  
  31  6:24  Starport  
  31  6:25  Starport  
  31  6:33  Refinery  
  27  7:19  Starport Reactor  
  27  7:24  Orbital Command  
  27  7:26  SCV  
  28  7:31  Factory Tech Lab  
  28  7:34  Hellion x2  
  28  7:37  Reaper x4  
  33  7:38  SCV  
  37  7:50  SCV  
  36  7:56  Hellion x2  
  40  8:02  SCV  
  41  8:09  Reaper x3  
  44  8:14  SCV  
  44  8:18  Liberator  
  45  8:35  Medivac x2  
  45  8:38  Starport  
  52  8:45  Supply Depot  
  37  9:40  Reaper x4  
  41  10:12  Siege Tank, Reaper x4  
  48  10:44  Reaper x2  
  48  10:49  Medivac x2, Starport Tech Lab  
  54  10:50  Medivac x2  
  58  11:06  Refinery  
  55  11:43  Siege Tank  
  55  11:44  Hellion x2  
  62  11:55  Reaper x4  
  66  12:02  Supply Depot, Engineering Bay  
  66  12:06  Hellion x2  
  73  12:15  Siege Tank  
  73  12:16  Engineering Bay  
  73  12:20  Banshee  
  76  12:27  Hellion x2  
  80  13:03  Banshee  
  80  13:12  Supply Depot  
  80  13:17  Bunker  
  80  13:18  SCV  
  80  13:19  SCV  
  82  13:22  Supply Depot  
  82  13:30  SCV  
  82  13:31  SCV  
  84  13:43  SCV x2  
  82  13:55  SCV  
  82  14:16  Supply Depot  
  82  14:17  Command Center  
  82  14:32  Command Center  
  82  14:52  Reaper x2  
  84  14:53  Reaper  
  85  15:13  Widow Mine  
  85  15:14  Widow Mine  
  61  16:00  Siege Tank  
  61  16:01  Medivac x3  
  61  16:02  Medivac  
  61  16:03  Marine x4  
  73  16:20  Marine  
  73  16:21  Marine x3  
  77  16:32  Siege Tank  
  80  16:38  Marine  
  80  16:39  Marine x3  
  54  17:04  Siege Tank  
  56  17:12  Orbital Command  
  56  17:33  Supply Depot  
  56  17:36  Siege Tank  
  59  17:37  Orbital Command  
  59  18:00  Orbital Command  
  59  18:30  SCV  
  60  18:42  SCV  
  61  18:54  SCV  
  62  18:59  Marine x4  
  62  19:00  Widow Mine  
  70  19:04  Siege Tank, Widow Mine  
  70  19:06  SCV  
  70  19:08  Banshee  
  70  19:09  Medivac  
  79  19:17  Marine  
  79  19:18  SCV  
  81  19:29  Widow Mine  
  83  19:33  Widow Mine  
  85  20:00  Banshee  
  85  20:04  Orbital Command  
  88  20:16  Supply Depot  
  88  20:19  Supply Depot  
  88  20:23  Bunker  
  88  20:37  Supply Depot  
  88  20:42  Banshee  
  91  21:25  Banshee  
  80  21:37  Marine  
  80  21:38  Marine x3  
  79  21:48  Supply Depot  
  79  21:55  Marine  
  79  21:56  Marine x2  
  23  23:10  Marine  
  23  23:11  Marine x3  
  24  23:28  Marine x4  
  24  23:30  Refinery  
  24  23:31  Refinery  
  25  23:46  Marine  
  19  24:05  Supply Depot  
  19  24:07  Supply Depot  
  19  24:09  Supply Depot  
  15  24:13  Engineering Bay  
  15  24:14  SCV  
  13  24:26  SCV  
  14  24:31  Supply Depot  
  14  24:32  Barracks  
  14  24:36  Barracks  
  14  24:38  SCV  
  15  24:50  SCV  
  16  25:02  Missile Turret x2  
  16  25:05  Missile Turret  
  16  25:06  Missile Turret  
  15  25:11  Missile Turret  
  12  25:27  SCV  
  10  25:39  SCV  
  11  25:51  SCV  
  11  26:34  Command Center  
  11  26:39  Orbital Command  
  11  27:21  SCV  
  12  27:33  SCV  
  13  27:45  SCV  
  13  27:48  SCV  
  15  27:55  Barracks  
  15  27:57  SCV  
  16  27:59  Barracks  
  16  28:00  Missile Turret, SCV  
  17  28:09  SCV  
  17  28:12  SCV  
  18  28:21  SCV  
  18  28:23  Missile Turret  
  18  28:24  SCV  
  18  28:25  Missile Turret  
  19  28:33  SCV  
  19  28:36  SCV  
  17  28:49  SCV  
  17  29:03  Factory  
  17  29:14  Orbital Command  
  17  29:50  SCV  
  18  30:02  SCV  
  19  30:10  Marine  
  19  30:13  Widow Mine  
  22  30:25  Starport  
  22  30:28  Marine  
  23  30:39  Bunker  
  23  30:42  Widow Mine  
  25  31:10  Widow Mine  
  27  31:22  Terran Infantry Weapons Level 1  
  27  31:25  Medivac  
  27  31:27  Marine  
  27  31:28  Marine  
  31  31:39  Widow Mine  
  33  31:45  Marine x2  
  34  31:55  Medivac  
  32  32:03  Marine x2  
  32  32:07  Widow Mine  
  34  32:20  Marine  
  35  32:29  Medivac  
  37  32:36  Widow Mine  
  39  32:38  Marine  
  40  32:59  Medivac  
  40  33:04  Widow Mine  
  44  33:29  Medivac  
  46  33:34  Command Center  
  46  33:38  Missile Turret  
  46  33:41  Widow Mine  
  40  34:19  Liberator  
  40  34:20  Widow Mine  
  45  34:47  Starport  
  45  35:17  Command Center  
  45  35:19  Viking  
  47  35:32  Marine x2  
  47  35:34  Terran Infantry Armor Level 1  
  49  35:49  Viking  
  43  36:42  Orbital Command  
  31  39:07  Command Center  
  31  39:10  Widow Mine  
  31  39:16  Missile Turret  
  33  39:30  Medivac  
  35  39:38  Widow Mine  
  35  39:41  Missile Turret  
  37  39:53  Viking  
  39  40:00  Medivac  
  41  40:07  Widow Mine  
  43  40:23  Viking  
  45  40:30  Viking  
  47  40:35  Widow Mine  
  47  40:37  Orbital Command  
  49  40:53  Viking  
  51  41:00  Viking  
  53  41:04  Widow Mine  
  55  41:13  Orbital Command  
  55  41:19  Factory  
  55  41:23  Viking  
  54  41:30  Viking  
  30  42:54  Widow Mine  
  20  43:02  SCV  
  19  43:14  SCV  
  20  43:23  Widow Mine  
  20  43:26  SCV  
  23  43:51  Widow Mine  
  25  44:14  Command Center  
  21  44:46  Widow Mine  
  21  44:47  SCV  
  24  45:00  SCV  
  24  45:12  Factory, SCV  
  25  45:14  Widow Mine  
  25  45:17  Refinery  
  27  45:43  Widow Mine  
  29  45:52  Command Center  
  29  46:00  Widow Mine  
  31  46:11  Widow Mine  
  33  46:28  Widow Mine  
  33  46:40  Widow Mine  
  35  46:57  Widow Mine  
  37  47:08  Widow Mine  
  32  48:11  Supply Depot  
Show
View Real Time Build Order
Export as new Build Order

LowellJW Zerg - Winner!

Build Orders: Pool First 

Get SALT Encoding   

  12  0:01  Drone  
  13  0:16  Drone  
  13  0:19  Overlord  
  14  0:22  Extractor  
  14  0:24  Drone  
  14  0:42  Spawning Pool  
  13  0:47  Drone  
  14  0:52  Drone  
  14  0:56  Drone  
  16  1:02  Drone  
  17  1:09  Drone  
  18  1:21  Drone  
  19  1:30  Queen  
  21  1:34  Drone  
  22  1:50  Hatchery  
  21  1:57  Overlord  
  21  2:00  Drone  
  22  2:14  Queen  
  24  2:17  Zergling x2  
  24  2:18  Zergling x2  
  26  2:30  Metabolic Boost  
  26  2:35  Drone  
  27  2:50  Pneumatized Carapace  
  27  2:51  Zergling x6  
  28  2:54  Overlord  
  27  3:33  Drone x3  
  27  3:34  Burrow  
  29  3:43  Zergling x2  
  29  3:44  Zergling x10  
  30  4:00  Zergling x2  
  28  4:23  Drone x2  
  28  4:24  Drone  
  31  4:37  Queen  
  33  4:44  Queen  
  35  4:46  Roach Warren  
  35  4:50  Zergling x6  
  37  5:12  Queen  
  33  5:43  Zergling x6  
  31  6:30  Zergling x10  
  31  6:31  Zergling x2  
  27  7:09  Zergling x4  
  27  7:10  Zergling x4  
  27  7:14  Queen  
  33  7:16  Queen  
  35  7:28  Drone x6  
  35  7:29  Drone x2  
  43  7:30  Drone  
  43  7:32  Overlord x3  
  44  7:49  Queen  
  44  7:52  Queen  
  45  8:04  Zergling x4  
  45  8:05  Zergling x12  
  50  8:09  Drone  
  51  8:21  Zergling x4  
  52  8:50  Zergling x2  
  52  8:51  Zergling x10  
  52  8:52  Zergling x10  
  52  9:04  Zergling x4  
  54  9:10  Evolution Chamber  
  54  9:12  Evolution Chamber  
  52  9:42  Zergling x8  
  52  9:43  Zergling x6  
  59  9:45  Zerg Melee Weapons Level 1  
  59  9:47  Zerg Ground Armor Level 1  
  59  9:52  Evolution Chamber  
  58  9:55  Overlord x2  
  59  10:00  Drone x3  
  61  10:35  Zerg Missile Weapons Level 1  
  61  10:36  Lair  
  61  10:41  Roach x3  
  61  10:42  Roach x4  
  75  10:43  Overlord x2  
  75  10:44  Overlord x2  
  75  11:12  Zergling x8  
  75  11:13  Zergling x4  
  75  11:14  Roach x2  
  81  12:05  Spine Crawler x2  
  69  13:28  Roach x6  
  69  13:29  Roach x3  
  69  13:30  Roach x6  
  69  13:31  Roach x4  
  107  13:35  Overlord  
  107  13:36  Overlord x3  
  100  14:27  Roach x2  
  100  14:28  Roach x6  
  100  14:29  Roach  
  118  14:36  Hydralisk Den  
  117  14:40  Hatchery  
  117  14:41  Spire  
  115  14:50  Extractor  
  115  14:52  Extractor  
  113  14:59  Zergling x12  
  120  15:00  Zergling x8  
  120  15:01  Extractor  
  117  16:05  Mutalisk  
  77  16:46  Hydralisk  
  75  16:47  Hydralisk x2  
  75  16:50  Zergling x6  
  75  16:51  Zergling x10  
  35  17:17  Drone x2  
  35  17:21  Drone  
  35  17:22  Drone x2  
  40  17:36  Drone x2  
  42  17:38  Zerg Melee Weapons Level 2  
  42  17:46  Drone  
  42  17:47  Drone x2  
  42  17:49  Drone  
  42  17:50  Drone  
  47  17:53  Roach  
  47  17:55  Roach  
  53  18:18  Queen  
  53  18:25  Hydralisk x2  
  57  18:31  Zerg Missile Weapons Level 2  
  57  18:38  Drone x2  
  57  18:41  Drone  
  60  18:45  Overseer  
  60  18:47  Overseer  
  60  19:03  Drone x3  
  60  19:06  Mutalisk  
  60  19:08  Mutalisk  
  67  19:13  Roach  
  69  19:38  Hydralisk x3  
  69  19:39  Hydralisk x2  
  79  19:46  Roach  
  79  19:48  Roach  
  79  19:50  Roach  
  85  19:53  Roach  
  87  20:35  Mutalisk x3  
  87  20:36  Mutalisk  
  87  20:40  Hydralisk  
  97  20:44  Zergling x6  
  97  20:45  Zergling x14  
  97  20:46  Zergling x2  
  108  20:55  Drone x4  
  112  21:06  Spore Crawler  
  111  21:13  Spore Crawler  
  110  21:18  Mutalisk  
  110  21:20  Hydralisk  
  110  21:24  Spore Crawler  
  101  21:46  Roach  
  101  21:47  Roach x6  
  109  21:48  Roach  
  117  22:11  Roach  
  117  22:12  Roach  
  121  22:24  Hatchery  
  104  22:59  Roach x3  
  104  23:00  Roach x6  
  104  23:01  Roach x3  
  128  23:41  Roach x4  
  136  23:42  Hydralisk x2  
  145  23:56  Spore Crawler  
  138  24:20  Spore Crawler  
  137  24:43  Hydralisk x5  
  137  24:44  Hydralisk x2  
  151  24:46  Overlord  
  151  24:47  Overlord x5  
  151  25:14  Mutalisk x3  
  151  25:15  Mutalisk  
  151  25:19  Mutalisk  
  137  26:37  Mutalisk x6  
  137  26:38  Mutalisk x4  
  157  27:11  Mutalisk x3  
  157  27:12  Mutalisk  
  165  27:36  Hatchery  
  164  28:05  Mutalisk x3  
  170  28:35  Mutalisk x2  
  168  29:13  Extractor  
  168  29:15  Extractor  
  166  29:22  Queen  
  168  29:24  Queen  
  168  29:27  Mutalisk  
  172  29:57  Queen  
  174  30:00  Queen  
  174  30:04  Mutalisk  
  174  30:05  Mutalisk x3  
  184  30:24  Drone x2  
  184  30:25  Drone  
  184  30:26  Queen  
  189  30:29  Queen  
  189  30:31  Drone x5  
  189  30:32  Drone  
  197  31:22  Drone x2  
  169  32:09  Mutalisk x3  
  175  32:24  Extractor  
  175  32:26  Extractor  
  135  33:03  Mutalisk  
  135  33:04  Mutalisk x2  
  137  33:14  Drone x4  
  137  33:15  Drone x3  
  137  33:19  Extractor  
  143  33:21  Extractor  
  143  33:26  Mutalisk x2  
  146  33:33  Drone x5  
  149  34:24  Mutalisk x3  
  147  34:25  Mutalisk x2  
  147  34:26  Mutalisk  
  159  34:35  Mutalisk  
  161  34:59  Drone x3  
  164  35:06  Corruptor x2  
  166  35:07  Corruptor  
  166  35:09  Mutalisk  
  166  35:10  Mutalisk  
  174  35:26  Mutalisk x2  
  174  35:27  Mutalisk  
  180  35:47  Mutalisk  
  180  35:48  Mutalisk x2  
  180  35:49  Hatchery  
  137  37:27  Mutalisk x4  
  137  37:28  Mutalisk x4  
  137  37:29  Mutalisk x6  
  159  37:30  Mutalisk x3  
  171  37:40  Mutalisk  
  167  38:27  Mutalisk x3  
  167  38:28  Mutalisk x5  
  141  39:04  Drone x3  
  144  39:11  Mutalisk x4  
  144  39:12  Mutalisk x3  
  158  39:26  Extractor  
  158  39:30  Extractor  
  156  39:37  Overseer  
  156  39:39  Overseer  
  156  39:40  Overseer  
  156  39:41  Overseer  
  156  39:49  Mutalisk x2  
  156  39:50  Mutalisk x2  
  164  40:13  Hatchery  
  163  40:24  Mutalisk x3  
  163  40:25  Mutalisk x3  
  175  40:39  Hatchery  
  172  41:16  Hatchery  
  172  41:17  Extractor  
  127  42:06  Roach  
  127  42:07  Roach x6  
  127  42:08  Roach x3, Mutalisk x7  
  147  42:09  Mutalisk x6  
  147  42:10  Mutalisk x2  
  147  42:14  Hatchery  
  174  43:13  Mutalisk x4  
  174  43:18  Overlord x3  
  174  43:19  Overlord x5  
  182  43:26  Drone x3  
  185  43:32  Drone x3  
  188  43:38  Drone  
  188  43:39  Drone  
  190  43:42  Mutalisk  
  190  43:43  Mutalisk x4  
  200  44:12  Hatchery  
  199  44:19  Hatchery  
  196  44:42  Hatchery  
  193  45:07  Overseer  
  191  45:35  Mutalisk x4  
  199  45:51  Drone  
  198  45:58  Hatchery  
  197  46:10  Overseer x4  
  197  46:11  Overseer x5  
  197  46:12  Overseer x2  
  197  46:13  Overseer x2  
  197  46:24  Hatchery  
  194  47:12  Extractor  
  194  47:13  Extractor  
  140  48:03  Mutalisk x6  
  140  48:04  Mutalisk x6  
Tags
 
Add a new tag
Caveats
  • Supply blocks, unpowered buildings, or Contaminate may cause inaccurate times.
  • Supply counts are checked every 10 seconds.